 Dungeon Crawl Stone Soup version 0.29-a0-553-g81b289dbe5 (webtiles) character file.

Game seed: 14410273419012425321

331 shadowstone the Covered (level 6, -1/38 HPs)
             Began as a Gargoyle Fighter on June 6, 2022.
             Was a Believer of Nemelex Xobeh.
             Frozen to death by an endoplasm (4 damage)
             ... on level 4 of the Dungeon.
             The game lasted 00:08:02 (2470 turns).

shadowstone the Covered (Gargoyle Fighter)          Turns: 2470, Time: 00:08:03

Health: -1/38      AC: 11    Str: 21    XL:     6   Next: 51%
Magic:  0/6        EV:  9    Int:  9    God:    Nemelex Xobeh [**....]
Gold:   65         SH:  4    Dex:  9    Spells: 5/5 levels left

rFire   . . .      SeeInvis .   m - staff of conjuration
rCold   . . .      Faith    .   c - +0 buckler
rNeg    + . .      Spirit   +   b - +0 scale mail
rPois   ∞          Reflect  .   (no helmet)
rElec   +          Harm     .   (no cloak)
rCorr   .          Rampage  .   (no gloves)
Will    .....                   (no boots)
Stlth   ..........              d - amulet of guardian spirit
HPRegen 0.12/turn               (no ring)
MPRegen 0.10/turn               (no ring)

@: no status effects
A: sickness immunity, AC +4, negative energy resistance 1, electricity
resistance, torment resistance 1, petrification resistance
a: Renounce Religion, Draw Escape, Draw Destruction, Draw Summoning


You were on level 4 of the Dungeon.
You worshipped Nemelex Xobeh.
Nemelex Xobeh was pleased with you.
You visited 1 branch of the dungeon, and saw 4 of its levels.

You collected 65 gold pieces.

Inventory:

Hand Weapons
 a - a +0 flail
 g - a +2 short sword of venom
Missiles
 j - 23 stones (quivered)
Armour
 b - a +0 scale mail (worn)
 c - a +0 buckler (worn)
Magical Staves
 m - a staff of conjuration (weapon)
Jewellery
 d - an amulet of guardian spirit (around neck)
Scrolls
 f - a scroll of noise


   Skills:
 + Level 4.0 Fighting
 + Level 2.3 Short Blades
 + Level 2.5(2.8) Maces & Flails
 + Level 1.4(2.2) Staves
 + Level 5.1 Armour
 + Level 1.1 Dodging
 + Level 4.1 Shields


You had 5 spell levels left.
You didn't know any spells.
Your spell library contained the following spells:

 Spells                   Type           Power      Damage    Failure   Level
 Blink                    Tloc           0%         N/A       90%         2
 Gell's Gravitas          Tloc           0%         N/A       99%         3
 Lesser Beckoning         Tloc           0%         N/A       99%         3
 Teleport Other           Tloc           0%         N/A       99%         3
 Animate Dead             Necr           0%         N/A       100%        4
 Borgnjor's Vile Clutch   Necr/Erth      0%         N/A       100%        5
 Manifold Assault         Tloc           0%         N/A       100%        5
 Death Channel            Necr           0%         N/A       100%        6
 Storm Form               Tmut/Air       0%         N/A       100%        7


Dungeon Overview and Level Annotations

Branches:
Dungeon (4/15)
 Temple: D:4-7

Altars:
Nemelex Xobeh


Innate Abilities, Weirdness & Mutations

You are immune to sickness and miasma.
Your stone body is resilient. (AC +4)
You are immune to poison.
You resist negative energy. (rN+)
You are resistant to electric shocks. (rElec)
You are resistant to unholy torment.
You are immune to petrification.


Message History

The puff of flame hits you but does no damage.
The orc priest invokes the aid of Beogh against you.
You are unaffected.
You hit the orc.
The orc is lightly wounded.
The orc wizard closely misses you. The orc hits you with a +0 flail.
The orc priest hits you with a +0 whip.
You hit the orc.
The orc is almost dead.
The orc wizard mumbles some strange words.
The orc wizard flickers and vanishes!
Deactivating autopickup; reactivate with Ctrl-A.
The orc hits you but does no damage. The orc priest hits you with a +0 whip.
You hit the orc.
You kill the orc!
Something hits you but does no damage. The orc priest closely misses you.
The worm bites you but does no damage.
You hear some strange, mumbled words.
Something tries to affect you, but you resist.
The orc priest hits you with a +0 whip.
* * * LOW HITPOINT WARNING * * *
Things that are here:
a +0 flail; a +0 mace; an orc corpse You block the orc priest's attack.
The orc priest calls down the wrath of Beogh upon you.
Beogh smites you!
* * * LOW HITPOINT WARNING * * *
There is a stone staircase leading up here.
The orc priest looks satisfied for a moment.
An endoplasm comes into view.
The endoplasm quivers.
The orc priest mumbles some strange prayers to Beogh against you.
Something writhes in agony.
The endoplasm freezes you.
You are frozen.
* * * LOW HITPOINT WARNING * * *
The endoplasm freezes you.
You are frozen.
You die...
Your body disappears without a glow.

#.#######.#
#.#......>. ..#
#...# .# #.# #
###># ##.####.# .#
#.# #.....#.##.##
.####.####..#
........
......<.....#
#.....
#.###.####.####.J#
#.##..)..<.o...@#
#.......w..#####
#.##........# #.
#.####...# . #.#
#...# #.# #...#
#.# #..... #.#
...... ...


You could see a worm, an orc priest and an endoplasm.

Vanquished Creatures
  A water moccasin (D:4)
  A black bear (D:4)
  The ghost of NateTC the Digger, an amateur GrEE (D:3)
  A river rat (D:3)
  An adder (D:4)
  A dart slug (D:2)
  2 orcs (D:4)
  5 ball pythons
  4 bats (D:1)
  5 endoplasms
  A giant cockroach (D:4)
  3 goblins
  4 hobgoblins
  3 kobolds
  3 quokkas
  A frilled lizard (D:1)
  4 rats
41 creatures vanquished.

Vanquished Creatures (others)
  A hobgoblin (D:2)
1 creature vanquished.

Grand Total: 42 creatures vanquished

Notes
Turn   | Place    | Note
-------+----------+-------------------------------------------
     0 | D:1      | shadowstone the Gargoyle Fighter began the quest for the
                  | Orb.
     0 | D:1      | Reached XP level 1. HP: 14/14 MP: 1/1
    54 | D:1      | Found a faded altar of an unknown god.
    94 | D:1      | Prayed at the altar of an unknown god.
    94 | D:1      | Became a worshipper of Nemelex Xobeh the Trickster
    94 | D:1      | Reached * piety under Nemelex Xobeh
    94 | D:1      | Received a gift from Nemelex Xobeh
   123 | D:1      | Reached XP level 2. HP: 15/19 MP: 2/2
   644 | D:2      | Reached XP level 3. HP: 15/23 MP: 3/3
   981 | D:2      | Received a gift from Nemelex Xobeh
  1008 | D:3      | Found a runed translucent door.
  1013 | D:3      | Noticed NateTC's ghost (amateur GrEE)
  1038 | D:3      | Killed NateTC's ghost
  1039 | D:3      | Reached skill level 1 in Short Blades
  1039 | D:3      | Reached skill level 4 in Armour
  1039 | D:3      | Reached XP level 4. HP: 3/28 MP: 4/4
  1413 | D:3      | Found a runed translucent door.
  1459 | D:3      | Reached ** piety under Nemelex Xobeh
  1527 | D:3      | Reached XP level 5. HP: 28/33 MP: 5/5
  1802 | D:4      | Noticed a water moccasin
  1830 | D:4      | Killed a water moccasin
  1831 | D:4      | Reached skill level 1 in Dodging
  1831 | D:4      | Reached XP level 6. HP: 17/38 MP: 6/6
  2156 | D:4      | Noticed a black bear
  2173 | D:4      | Killed a black bear
  2174 | D:4      | Reached skill level 1 in Staves
  2174 | D:4      | Reached skill level 5 in Armour
  2470 | D:4      | Frozen to death by an endoplasm

Illustrated notes

Levels and vault maps discovered:
D:1:      dpeg_arrival_connections, layout_rooms,
          hellmonk_ecumenical_altar_pennies_from_heaven
D:2:      layout_loops_cross, dk_vineyard_1, minmay_pentomino_pile, uniq_terence
D:3:      layout_basic, ebering_ghost_sewer_f, minmay_misc_feat_enclosed
D:4:      layout_loops_ring, nicolae_grassy_gnolls

Skill      XL: |  1  2  3  4  5  6 |
---------------+-------------------+-----
Short Blades   | 1 2 |  2.3
Armour         | 4 5 |  5.1
Dodging        | 1 |  1.1
Shields        | 4 |  4.1
Fighting       | 4 |  4.0
Staves         | 1 |  1.4
Maces & Flails | |  2.5

Action                   |  1- 3 |  4- 6 || total
-------------------------+-------+-------++-------
Melee: Flail             |    36 |       ||    36
       Short sword       |    61 |    28 ||    89
       Staff             |       |    62 ||    62
  Use: Potion            |       |     6 ||     6
       Scroll            |       |     2 ||     2
Armor: Scale mail        |   109 |    51 ||   160
       Skin              |       |     6 ||     6
Dodge: Dodged            |    98 |    64 ||   162
Block: Buckler           |    34 |    25 ||    59

Table legend: (Time is in decaauts)
 A = Elapsed time spent in this place.
 B = Non-inter-level travel time spent in this place.
 C = Inter-level travel time spent in this place.
 D = Time resting spent in this place.
 E = Time spent auto-exploring this place.
 F = Levels seen in this place.
 G = Mean time per level.
                   A        B        C        D        E       F      G
               +--------+--------+--------+--------+--------+-----+--------+
         Total |   2513 |   2513 |      0 |   1308 |      0 |   4 |  628.2 |
       Dungeon |   2513 |   2513 |      0 |   1308 |      0 |   4 |  628.2 |
               +--------+--------+--------+--------+--------+-----+--------+

Top non-repeatable levels by time:
     D:3: 822 daAuts
     D:4: 676 daAuts
     D:1: 636 daAuts
     D:2: 378 daAuts
